Map: Ascension to Aiur LE

Players

Snute - Winner!

  • Race: Zerg Zerg
  • Spawn Location: 11:00

MacSed

  • Race: Protoss Protoss
  • Spawn Location: 5:00

Event: WCS Montreal 2017

VOD

Have the link to the VOD?

Description

Time

  • Played on: Sept. 8, 2017, 6:42 p.m.
  • Length: 8:33

All games in this series

Show
View Real Time Build Order
Export as new Build Order

Snute Zerg - Winner!

Build Orders: Hatch First 

Get SALT Encoding   

  12  0:00  Drone  
  13  0:12  Overlord  
  13  0:16  Drone  
  14  0:31  Drone x2  
  14  0:34  Drone  
  17  0:51  Hatchery  
  17  0:55  Drone  
  17  0:57  Drone  
  17  1:00  Extractor  
  17  1:13  Spawning Pool  
  17  1:16  Drone  
  17  1:19  Drone  
  18  1:28  Drone  
  19  1:38  Overlord  
  19  1:49  Drone  
  20  1:59  Queen  
  20  2:00  Metabolic Boost  
  22  2:03  Queen  
  22  2:04  Zergling x2  
  22  2:07  Zergling x2  
  26  2:11  Drone  
  26  2:14  Drone  
  28  2:21  Drone  
  29  2:27  Drone  
  30  2:33  Drone  
  31  2:37  Pneumatized Carapace  
  31  2:38  Drone  
  31  2:44  Drone  
  33  2:46  Drone  
  34  2:52  Hatchery  
  34  2:56  Overlord  
  34  2:58  Drone  
  34  3:06  Drone x2  
  34  3:09  Overlord  
  35  3:15  Drone x4  
  35  3:16  Drone  
  35  3:18  Drone  
  41  3:24  Drone  
  42  3:27  Overlord  
  42  3:28  Queen  
  44  3:37  Zergling x2, Evolution Chamber  
  44  3:39  Zergling x2  
  44  3:41  Zergling x2  
  46  3:42  Drone x3  
  46  3:44  Drone  
  50  3:49  Extractor  
  50  3:50  Extractor  
  50  3:52  Drone, Roach Warren  
  48  3:57  Drone x2  
  50  4:07  Overlord  
  50  4:12  Queen x2  
  54  4:21  Overlord  
  54  4:26  Overlord  
  54  4:33  Roach x6  
  54  4:37  Roach  
  68  4:41  Roach x2  
  68  4:44  Roach  
  74  4:47  Roach  
  74  4:52  Roach x2  
  78  4:55  Roach  
  78  4:58  Roach  
  80  5:01  Roach  
  80  5:02  Roach  
  82  5:11  Roach x3  
  88  5:17  Lair  
  88  5:34  Overlord x2  
  88  5:37  Overlord  
  88  5:39  Overlord  
  88  5:43  Baneling Nest  
  88  5:46  Spore Crawler  
  88  5:48  Spore Crawler, Drone x4  
  89  5:53  Drone  
  89  5:54  Drone x2  
  89  5:56  Drone  
  93  6:01  Roach x2  
  97  6:05  Roach  
  97  6:10  Roach x2  
  103  6:15  Roach  
  103  6:16  Glial Reconstitution  
  105  6:19  Roach  
  105  6:20  Roach  
  105  6:22  Roach  
  111  6:26  Roach x2  
  111  6:28  Roach  
  111  6:32  Overseer  
  117  6:35  Roach x2  
  117  6:39  Overlord x2  
  121  6:44  Overlord  
  121  6:45  Overlord  
  121  6:59  Zergling x10  
  121  7:00  Spire  
  125  7:03  Zergling x2  
  125  7:04  Zergling x4  
  128  7:13  Zergling x12  
  134  7:22  Zergling x12  
  141  7:30  Zergling x10  
  141  7:36  Overseer  
  145  7:37  Zergling x2  
  145  7:38  Zergling x6  
  145  7:44  Zergling x4  
  150  7:49  Baneling x8  
  150  7:50  Baneling x4  
  151  7:54  Drone x3  
  154  8:02  Overlord x2  
  150  8:07  Overlord  
Show
View Real Time Build Order
Export as new Build Order

MacSed Protoss 

Build Orders: Nexus First 

Get SALT Encoding   

  12  0:01  Probe (Chrono Boost)  
  13  0:11  Probe (Chrono Boost)  
  14  0:17  Pylon  
  14  0:22  Probe (Chrono Boost)  
  16  0:35  Probe (Chrono Boost)  
  16  0:46  Probe (Chrono Boost)  
  17  0:57  Nexus  
  17  1:08  Gateway  
  17  1:11  Probe (Chrono Boost)  
  18  1:16  Assimilator  
  18  1:21  Probe (Chrono Boost)  
  18  1:25  Assimilator  
  19  1:32  Probe (Chrono Boost)  
  20  1:39  Gateway  
  20  1:42  Probe (Chrono Boost)  
  21  1:53  Probe (Chrono Boost)  
  22  1:55  Cybernetics Core  
  22  2:03  Probe (Chrono Boost)  
  23  2:10  Probe (Chrono Boost)  
  23  2:14  Probe (Chrono Boost)  
  25  2:20  Probe (Chrono Boost)  
  26  2:25  Probe (Chrono Boost)  
  27  2:31  Probe (Chrono Boost), Warp Gate  
  27  2:32  Zealot  
  27  2:33  Stalker  
  27  2:35  Probe (Chrono Boost)  
  33  2:41  Probe (Chrono Boost)  
  34  2:44  Twilight Council  
  34  2:46  Probe (Chrono Boost)  
  35  2:52  Probe (Chrono Boost)  
  36  2:59  Robotics Facility  
  36  3:03  Probe (Chrono Boost)  
  37  3:07  Probe (Chrono Boost)  
  38  3:16  Pylon  
  38  3:30  Charge (Chrono Boost)  
  38  3:35  Gateway  
  38  3:37  Gateway  
  38  3:38  Gateway  
  38  3:41  Gateway  
  38  3:44  Warp Prism (Chrono Boost)  
  38  3:45  Gateway x2  
  40  3:56  Pylon  
  40  4:00  Pylon  
  40  4:03  Pylon  
  40  4:10  Pylon  
  40  4:29  Pylon  
  40  4:40  Zealot  
  42  4:46  Zealot  
  42  4:47  Zealot x6  
  55  5:04  Zealot  
  53  5:15  Zealot x6  
  53  5:16  Zealot  
  53  5:17  Zealot  
  65  5:33  Probe x2 (Chrono Boost)  
  61  5:37  Warp Prism  
  61  5:41  Assimilator  
  61  5:42  Pylon  
  61  5:45  Assimilator, Probe (Chrono Boost)  
  61  5:47  Probe (Chrono Boost)  
  63  5:54  Pylon  
  63  5:55  Probe (Chrono Boost)  
  64  6:00  Probe (Chrono Boost)  
  65  6:06  Probe (Chrono Boost)  
  65  6:09  Robotics Bay  
  67  6:13  Probe (Chrono Boost)  
  67  6:16  Probe (Chrono Boost)  
  69  6:27  Probe (Chrono Boost)  
  69  6:30  Pylon  
  69  6:31  Pylon  
  71  6:35  Mothership Core (Chrono Boost)  
  71  6:40  Probe (Chrono Boost)  
  71  6:43  Zealot x3  
  71  6:44  Zealot  
  80  6:51  Nexus  
  80  6:53  Probe (Chrono Boost)  
  80  6:55  Probe (Chrono Boost)  
  80  6:56  Pylon  
  80  6:57  Disruptor (Chrono Boost)  
  80  7:00  Robotics Facility  
  85  7:04  Probe  
  85  7:06  Probe  
  83  7:19  Pylon  
  73  7:28  Disruptor (Chrono Boost)  
  76  7:34  Sentry x2, Zealot  
  76  7:35  Zealot x4  
  90  7:45  Pylon  
  90  7:49  Zealot  
  92  7:54  Disruptor (Chrono Boost)  
  92  7:57  Probe x2  
  97  8:03  Probe  
  90  8:09  Probe  
  90  8:10  Probe  
  93  8:19  Probe  
Tags
 
Add a new tag
Caveats
  • Supply blocks, unpowered buildings, or Contaminate may cause inaccurate times.
  • Supply counts are checked every 10 seconds.